[ AOE2 MATCH · #505835685 ]
UnrankedCumans vs Britons
Player's team · WIN
Rival team · LOSS
[ REPLAY ANALYSIS · EXTRACTED FROM THE RECORDED GAME ]
Feudal
10:02
Castle
—
Imperial
—
| APM avg | 22.4 |
| APM peak | 43 |
| eAPM avg | 11.7 |
| Villagers / military | 27 / 4 |
Focus
⚔️ 29.2% · 🌾 70.8%
Battering Ram ×4
Feudal
10:56
Castle
—
Imperial
—
| APM avg | 29.6 |
| APM peak | 60 |
| eAPM avg | 12.0 |
| Villagers / military | 38 / 6 |
Focus
⚔️ 24.5% · 🌾 75.5%
Archer ×2 · Militia ×2 · Spearman ×2
Match map
Initial resources + every placement click. Lines = walls · curves = elevation contours. ◆ gold · ⬟ stone · ● berries · ✦ relic · ◌ wall gap
Your base· ✓ Closed at 12:00 · 0t walls · 3 gate(s)
renklitelevizyon's base· ✓ Closed at 12:00 · 8t walls · 2 gate(s)
Smoothed initial terrain · ◌ = detected wall gap · hover for details
Inputs per minute
— Dr. Delta - - renklitelevizyon
Build order — Dr. Delta
49 actions detected in the replay
| 0:01 | Queue | Villager (Male) |
| 0:01 | Queue | Villager (Male) |
| 0:02 | Queue | Villager (Male) |
| 0:03 | Build | House |
| 0:07 | Queue | Villager (Male) |
| 0:07 | Queue | Villager (Male) |
| 0:11 | Build | House |
| 1:25 | Queue | Villager (Male) |
| 2:01 | Queue | Villager (Male) |
| 2:13 | Build | Lumber Camp |
| 2:27 | Queue | Villager (Male) |
| 2:31 | Queue | Villager (Male) |
| 2:59 | Queue | Villager (Male) |
| 3:24 | Build | House |
| 3:47 | Queue | Villager (Male) |
| 3:48 | Queue | Villager (Male) |
| 4:35 | Queue | Villager (Male) |
| 4:46 | Queue | Villager (Male) |
| 5:05 | Build | House |
| 5:32 | Build | Mining Camp |
| 5:36 | Queue | Villager (Male) |
| 5:56 | Queue | Villager (Male) |
| 5:56 | Queue | Villager (Male) |
| 5:57 | Queue | Villager (Male) |
| 6:46 | Research | Loom |
| 6:55 | Build | Mining Camp |
| 7:52 | Research | Feudal Age |
| 9:24 | Queue | Villager (Male) |
| 9:24 | Queue | Villager (Male) |
| 10:02 | Age | Feudal Age |
| 10:04 | Build | Watch Tower |
| 10:10 | Build | Blacksmith |
| 10:34 | Queue | Villager (Male) |
| 10:57 | Build | Siege Workshop |
| 11:23 | Queue | Villager (Male) |
| 11:30 | Build | House |
| 11:34 | Queue | Battering Ram |
| 12:07 | Queue | Villager (Male) |
| 12:11 | Queue | Battering Ram |
| 12:41 | Build | Watch Tower |
| 13:45 | Queue | Villager (Male) |
| 13:45 | Queue | Villager (Male) |
| 13:46 | Queue | Villager (Male) |
| 14:04 | Queue | Battering Ram |
| 14:41 | Queue | Villager (Male) |
| 15:06 | Build | House |
| 15:13 | Research | Fletching |
| 15:34 | Build | Watch Tower |
| 16:08 | Queue | Battering Ram |
Build order — renklitelevizyon
79 actions detected in the replay
| 0:01 | Queue | Villager (Male) |
| 0:02 | Build | House |
| 0:04 | Build | House |
| 0:21 | Queue | Villager (Male) |
| 0:21 | Queue | Villager (Male) |
| 0:44 | Queue | Villager (Male) |
| 1:23 | Build | Lumber Camp |
| 1:41 | Queue | Villager (Male) |
| 1:46 | Build | House |
| 1:47 | Build | House |
| 2:00 | Queue | Villager (Male) |
| 2:00 | Queue | Villager (Male) |
| 2:25 | Queue | Villager (Male) |
| 2:25 | Queue | Villager (Male) |
| 3:21 | Queue | Villager (Male) |
| 3:22 | Queue | Villager (Male) |
| 3:45 | Queue | Villager (Male) |
| 4:21 | Queue | Villager (Male) |
| 4:24 | Queue | Villager (Male) |
| 4:25 | Queue | Villager (Male) |
| 5:07 | Queue | Villager (Male) |
| 5:07 | Queue | Villager (Male) |
| 5:11 | Queue | Villager (Male) |
| 5:11 | Queue | Villager (Male) |
| 5:40 | Queue | Villager (Male) |
| 6:01 | Build | Mill |
| 6:29 | Queue | Villager (Male) |
| 6:30 | Queue | Villager (Male) |
| 6:32 | Queue | Villager (Male) |
| 6:45 | Build | Mining Camp |
| 6:51 | Queue | Villager (Male) |
| 8:14 | Build | House |
| 8:20 | Build | House |
| 8:34 | Research | Feudal Age |
| 9:35 | Build | House |
| 9:37 | Build | House |
| 9:46 | Build | Mining Camp |
| 9:52 | Build | House |
| 9:53 | Build | House |
| 10:02 | Queue | Villager (Male) |
| 10:02 | Queue | Villager (Male) |
| 10:03 | Queue | Villager (Male) |
| 10:25 | Build | House |
| 10:29 | Build | House |
| 10:56 | Age | Feudal Age |
| 10:58 | Build | House |
| 11:05 | Build | Watch Tower |
| 11:13 | Build | Blacksmith |
| 11:23 | Build | House |
| 11:27 | Queue | Villager (Male) |
| 11:28 | Queue | Villager (Male) |
| 11:42 | Build | Stone Wall |
| 11:56 | Queue | Villager (Male) |
| 11:56 | Queue | Villager (Male) |
| 11:58 | Research | Double-Bit Axe |
| 12:06 | Research | Fletching |
| 12:22 | Queue | Villager (Male) |
| 12:22 | Queue | Villager (Male) |
| 12:59 | Build | Barracks |
| 13:02 | Research | Forging |
| 13:04 | Research | Scale Mail Armor |
| 13:13 | Build | Stone Wall |
| 13:37 | Build | Stone Wall |
| 13:50 | Build | Watch Tower |
| 13:51 | Queue | Villager (Male) |
| 13:51 | Queue | Villager (Male) |
| 13:57 | Build | Archery Range |
| 14:33 | Research | Loom |
| 14:35 | Queue | Militia |
| 14:53 | Queue | Archer |
| 14:54 | Queue | Archer |
| 15:11 | Queue | Villager (Male) |
| 15:12 | Queue | Villager (Male) |
| 15:16 | Build | Watch Tower |
| 15:26 | Build | Watch Tower |
| 15:40 | Queue | Spearman |
| 16:16 | Queue | Spearman |
| 16:17 | Queue | Militia |
| 16:58 | Queue | Villager (Male) |
Match timeline
| 10:02 | Dr. Delta · age_up feudal |
| 10:56 | renklitelevizyon · age_up feudal |
| 10:57 | Dr. Delta · first_building Siege Workshop |
| 11:42 | renklitelevizyon · wall_segment Stone Wall x8 |
| 12:59 | renklitelevizyon · first_building Barracks |
| 13:13 | renklitelevizyon · wall_segment Stone Wall x4 |
| 13:37 | renklitelevizyon · wall_segment Stone Wall x1 |
| 13:57 | renklitelevizyon · first_building Archery Range |
| 17:02 | renklitelevizyon · resign |
[ AI ANALYSIS · 1 CREDIT ]
What really happened in this match?
Wolo.gg analyzes every decision: build order, eco, micro, common mistakes by bracket. Personalized analysis on WhatsApp or Discord in 30 seconds.
Civ guide
Cumans
Perfil
Jugador #625204